General information
- name: BNet
- type: Ladder team game (AT/RT)
- host: Battle.net
- saver: ROTIARTEHTMAI
map: DragonFalls
- players: 8
- length: 38:04
- speed: Fast
- version: 1.27 W3XP
- replay type: Public
» download(200 KB)
Players
team 1 (loser)
ROTIARTEHTMAI (
pink | 66 APM | 2497 actions | 38:04)
6 Blademaster
3 Wind Walk
3 Critical Strike
» actions
| Assign group hotkey | 62 | |
| Basic commands | 141 | |
| Build / train | 68 | |
| Enter build submenu | 60 | |
| Enter hero's abilities submenu | 6 | |
| Give item / drop item | 4 | |
| Remove unit from queue | 2 | |
| Right click | 1057 | |
| Select / deselect | 436 | |
| Select group hotkey | 507 | |
| Use ability | 153 | |
2497 total
» units
| Peon | 10 | |
| Grunt | 4 | |
| Goblin Shredder | 3 | |
| Goblin Zeppelin | 4 | |
| Green Dragon | 3 | |
| Wind Rider | 4 | |
| Goblin Sapper | 2 | |
| Acolyte | 1 | |
31 total
» upgrades
| Reinforced Defenses | 1 | |
| Ranged Weapons | 3 | |
| Armor | 3 | |
| Backpack | 1 | |
| Envenomed Spears | 1 | |
9 total
» buildings
| Orc Burrow | 6 | |
| Altar of Storms | 1 | |
| Barracks | 1 | |
| War Mill | 2 | |
| Voodoo Lounge | 4 | |
| Stronghold | 2 | |
| Great Hall | 3 | |
| Watch Tower | 41 | |
| Fortress | 2 | |
| Beastiary | 4 | |
| Necropolis | 1 | |
| Black Citadel | | |
67 total
» build order
00:15 Orc Burrow
00:57 Altar of Storms
00:58 Barracks
01:12 Orc Burrow
01:50 War Mill
02:40 Voodoo Lounge
03:30 Stronghold
05:22 Great Hall
05:40 Watch Tower
05:40 Watch Tower
05:40 Watch Tower
05:44 Watch Tower
05:46 Orc Burrow
06:03 Watch Tower
08:34 Orc Burrow
08:37 Fortress
08:41 Watch Tower
08:41 Watch Tower
09:04 Watch Tower
09:06 Watch Tower
09:08 Watch Tower
10:23 Watch Tower
10:24 Watch Tower
10:29 Watch Tower
10:32 Watch Tower
10:33 Watch Tower
11:34 Watch Tower
11:38 Watch Tower
11:39 Watch Tower
14:38 Beastiary
14:39 Beastiary
14:41 Beastiary
14:50 Beastiary
15:31 War Mill
18:43 Necropolis
19:23 Voodoo Lounge
19:25 Watch Tower
19:33 Watch Tower
19:35 Watch Tower
20:32 Great Hall
20:36 Watch Tower
20:36 Watch Tower
20:36 Watch Tower
20:37 Watch Tower
21:10 Voodoo Lounge
21:26 Watch Tower
21:28 Watch Tower
21:30 Watch Tower
21:32 Watch Tower
26:10 Orc Burrow
26:14 Orc Burrow
27:38 Stronghold
30:19 Great Hall
30:23 Watch Tower
30:24 Watch Tower
30:24 Watch Tower
30:24 Watch Tower
30:26 Watch Tower
30:26 Watch Tower
30:27 Watch Tower
30:27 Watch Tower
30:28 Watch Tower
30:28 Watch Tower
30:29 Watch Tower
30:30 Watch Tower
30:39 Voodoo Lounge
33:21 Fortress
» items
| Healing Salve | 3 | |
| Lesser Clarity Potion | 2 | |
| Scroll of Town Portal | 4 | |
| Potion of Healing | 1 | |
| Potion of Mana | 1 | |
| Boots of Speed | 1 | |
| Periapt of Vitality | 1 | |
| Staff of Teleportation | 1 | |
| Orb of Lightning | 1 | |
| Mechanical Critter | 2 | |
17 total
GlassPopcorn (
red | 39 APM | 1079 actions | 27:30)
7 Archmage
3 Summon Water Elemental
3 Brilliance Aura
1 Mass Teleport
» actions
| Assign group hotkey | 86 | |
| Basic commands | 70 | |
| Build / train | 84 | |
| ESC pressed | 2 | |
| Enter build submenu | 44 | |
| Enter hero's abilities submenu | 7 | |
| Give item / drop item | 1 | |
| Right click | 371 | |
| Select / deselect | 262 | |
| Select group hotkey | 78 | |
| Use ability | 74 | |
1079 total
» units
| Peasant | 13 | |
| Footman | 5 | |
| Priest | 3 | |
| Spell Breaker | 7 | |
| Thunder Lizard | 1 | |
| Knight | 8 | |
| Crypt Fiend | 11 | |
| Siege Engine | 2 | |
50 total
» upgrades
| Lumber Harvesting | 2 | |
| Masonry | 1 | |
| Swords | 3 | |
| Animal War Training | 1 | |
| Plating | 3 | |
| Magic Sentry | 1 | |
| Barrage | 1 | |
12 total
» buildings
| Altar of Kings | 1 | |
| Barracks | 2 | |
| Farm | 14 | |
| Scout Tower | 9 | |
| Arcane Tower | 2 | |
| Keep | 1 | |
| Town Hall | 1 | |
| Lumber Mill | 3 | |
| Arcane Vault | 1 | |
| Blacksmith | 1 | |
| Arcane Sanctum | 2 | |
| Guard Tower | 1 | |
| Castle | 1 | |
| Workshop | 3 | |
42 total
» build order
00:09 Altar of Kings
00:21 Barracks
00:37 Farm
00:52 Farm
01:39 Farm
02:10 Scout Tower
02:41 Arcane Tower
03:38 Keep
04:02 Town Hall
04:07 Scout Tower
04:25 Lumber Mill
04:32 Lumber Mill
04:44 Arcane Vault
04:47 Arcane Tower
04:56 Scout Tower
05:29 Blacksmith
06:07 Farm
06:28 Arcane Sanctum
07:11 Arcane Sanctum
08:03 Guard Tower
08:22 Castle
08:32 Farm
09:47 Farm
10:11 Barracks
10:31 Farm
12:55 Farm
13:44 Farm
14:25 Farm
17:41 Farm
17:42 Farm
18:27 Farm
18:32 Farm
22:33 Workshop
22:37 Workshop
22:41 Workshop
22:54 Scout Tower
22:56 Scout Tower
23:59 Lumber Mill
25:31 Scout Tower
25:32 Scout Tower
25:33 Scout Tower
25:35 Scout Tower
» items
| Scroll of Regeneration | 4 | |
| Boots of Speed | 1 | |
| Scroll of Protection | 1 | |
| Scroll of Town Portal | 3 | |
9 total
Lord_Pappsmear (
teal | 34 APM | 1255 actions | 36:53)
9 Death Knight
3 Death Coil
3 Unholy Aura
1 Animate Dead
2 Death Pact
» actions
| Build / train | 97 | |
| Enter build submenu | 30 | |
| Enter hero's abilities submenu | 11 | |
| Remove unit from queue | 7 | |
| Right click | 739 | |
| Select / deselect | 322 | |
| Use ability | 49 | |
1255 total
» units
| Acolyte | 16 | |
| Ghoul | 9 | |
| Crypt Fiend | 22 | |
| Frost Wyrm | 7 | |
54 total
» upgrades
| Creature Attack | 3 | |
| Creature Carapace | 3 | |
| Web | 1 | |
| Freezing Breath | 1 | |
8 total
» buildings
| Crypt | 1 | |
| Graveyard | 1 | |
| Ziggurat | 15 | |
| Altar of Darkness | 1 | |
| Tomb of Relics | 1 | |
| Halls of the Dead | 1 | |
| Spirit Tower | 4 | |
| Black Citadel | 3 | |
| Sacrificial Pit | 1 | |
| Boneyard | 3 | |
| Nerubian Tower | 0 | |
31 total
» build order
00:12 Crypt
00:24 Graveyard
00:43 Ziggurat
01:01 Altar of Darkness
01:23 Tomb of Relics
02:00 Ziggurat
04:52 Ziggurat
05:45 Halls of the Dead
06:00 Ziggurat
06:03 Ziggurat
06:36 Ziggurat
06:40 Ziggurat
06:53 Ziggurat
06:57 Spirit Tower
08:02 Spirit Tower
08:03 Spirit Tower
08:06 Spirit Tower
08:36 Black Citadel
09:46 Sacrificial Pit
10:14 Ziggurat
11:16 Boneyard
11:18 Boneyard
11:39 Boneyard
23:47 Ziggurat
23:49 Ziggurat
23:52 Ziggurat
23:54 Ziggurat
23:56 Ziggurat
23:59 Ziggurat
26:20 Black Citadel
26:39 Nerubian Tower
30:00 Black Citadel
» items
| Rod of Necromancy | 1 | |
| Scroll of Town Portal | 5 | |
| Orb of Corruption | 1 | |
7 total

»
deathrattle125 (
orange | 37 APM | 525 actions | 14:20)
2 Death Knight
1 Unholy Aura
1 Death Coil
1 Dreadlord
1 Vampiric Aura
» actions
| Build / train | 44 | |
| Enter build submenu | 10 | |
| Enter hero's abilities submenu | 3 | |
| Remove unit from queue | 4 | |
| Right click | 275 | |
| Select / deselect | 171 | |
| Use ability | 18 | |
525 total
» units
| Acolyte | 11 | |
| Ghoul | 6 | |
| Crypt Fiend | 8 | |
25 total
» upgrades
| Creature Attack | 2 | |
| Creature Carapace | 2 | |
| Web | 1 | |
| Burrow | 1 | |
6 total
» buildings
| Ziggurat | 4 | |
| Crypt | 1 | |
| Altar of Darkness | 1 | |
| Nerubian Tower | 2 | |
| Graveyard | 1 | |
| Tomb of Relics | 1 | |
| Spirit Tower | 1 | |
| Halls of the Dead | 1 | |
12 total
» build order
00:06 Ziggurat
00:08 Crypt
00:13 Altar of Darkness
00:57 Nerubian Tower
01:22 Ziggurat
02:08 Graveyard
02:18 Nerubian Tower
02:51 Tomb of Relics
03:11 Ziggurat
05:20 Spirit Tower
05:31 Ziggurat
05:57 Halls of the Dead
team 2 (winner)
TurpinHero (
green | 100 APM | 3821 actions | 38:04)
9 Archmage
3 Summon Water Elemental
3 Brilliance Aura
2 Blizzard
1 Mass Teleport
1 Dark Ranger
1 Black Arrow
» actions
| Assign group hotkey | 122 | |
| Basic commands | 72 | |
| Build / train | 263 | |
| ESC pressed | 1 | |
| Enter build submenu | 78 | |
| Enter hero's abilities submenu | 12 | |
| Give item / drop item | 5 | |
| Right click | 1081 | |
| Select / deselect | 542 | |
| Select group hotkey | 1329 | |
| Use ability | 316 | |
3821 total
» units
| Peasant | 12 | |
| Footman | 10 | |
| Goblin Zeppelin | 12 | |
| Goblin Shredder | 8 | |
| Gryphon Rider | 7 | |
| Sorceress | 1 | |
| Goblin Sapper | 3 | |
| Dragonhawk Rider | 4 | |
57 total
» upgrades
| Swords | 3 | |
| Masonry | 3 | |
| Armor | 3 | |
| Sorceress Training | 2 | |
| Animal War Training | 1 | |
| Lumber Harvesting | 2 | |
| Storm Hammers | 1 | |
| Cloud | 1 | |
| Plating | 2 | |
| Gunpowder | 2 | |
| Long Rifles | 1 | |
| Defend | 1 | |
| Backpack | 1 | |
| Priest Training | 1 | |
| Magic Sentry | 1 | |
| Control Magic | 1 | |
26 total
» buildings
| Barracks | 1 | |
| Altar of Kings | 1 | |
| Farm | 14 | |
| Arcane Vault | 2 | |
| Town Hall | 2 | |
| Keep | 8 | |
| Scout Tower | 57 | |
| Castle | 3 | |
| Blacksmith | 1 | |
| Arcane Tower | 1 | |
| Lumber Mill | 2 | |
| Guard Tower | 90 | |
| Gryphon Aviary | 4 | |
| Arcane Sanctum | 1 | |
187 total
» build order
00:50 Barracks
00:52 Altar of Kings
00:56 Farm
01:04 Farm
01:17 Farm
01:48 Arcane Vault
02:06 Farm
03:50 Town Hall
04:20 Keep
04:21 Keep
04:49 Scout Tower
07:06 Castle
07:07 Castle
07:07 Castle
08:52 Blacksmith
08:54 Farm
09:03 Arcane Tower
09:09 Scout Tower
09:09 Scout Tower
09:10 Scout Tower
09:11 Scout Tower
09:12 Scout Tower
09:19 Lumber Mill
10:05 Guard Tower
10:05 Guard Tower
10:06 Guard Tower
10:07 Guard Tower
10:07 Guard Tower
10:07 Guard Tower
10:08 Guard Tower
10:08 Guard Tower
10:08 Guard Tower
10:14 Scout Tower
10:17 Scout Tower
10:38 Gryphon Aviary
10:40 Gryphon Aviary
10:43 Scout Tower
10:44 Scout Tower
10:47 Guard Tower
10:47 Guard Tower
10:47 Guard Tower
10:49 Guard Tower
10:49 Guard Tower
11:32 Guard Tower
11:32 Guard Tower
11:33 Guard Tower
11:46 Guard Tower
11:46 Guard Tower
11:49 Arcane Sanctum
16:32 Scout Tower
16:34 Scout Tower
17:05 Farm
17:07 Farm
17:21 Guard Tower
17:21 Guard Tower
17:22 Guard Tower
17:25 Scout Tower
17:27 Scout Tower
17:28 Scout Tower
17:55 Guard Tower
17:55 Guard Tower
17:56 Guard Tower
17:56 Guard Tower
17:56 Guard Tower
17:57 Guard Tower
18:09 Guard Tower
18:09 Guard Tower
18:40 Scout Tower
18:41 Scout Tower
18:43 Scout Tower
18:45 Scout Tower
19:03 Scout Tower
19:04 Scout Tower
19:06 Scout Tower
19:06 Scout Tower
19:12 Scout Tower
19:22 Guard Tower
20:41 Scout Tower
20:41 Scout Tower
20:42 Scout Tower
20:43 Scout Tower
20:43 Scout Tower
20:45 Scout Tower
20:45 Scout Tower
20:46 Scout Tower
20:46 Scout Tower
20:47 Scout Tower
20:49 Scout Tower
20:50 Scout Tower
20:51 Scout Tower
20:52 Scout Tower
21:10 Farm
21:49 Guard Tower
21:49 Guard Tower
21:49 Guard Tower
22:35 Guard Tower
22:35 Guard Tower
22:51 Gryphon Aviary
22:54 Gryphon Aviary
24:34 Farm
25:37 Farm
25:38 Farm
28:33 Farm
28:34 Farm
28:35 Farm
29:36 Scout Tower
29:37 Scout Tower
29:38 Scout Tower
29:39 Scout Tower
29:53 Town Hall
29:56 Scout Tower
29:57 Scout Tower
29:57 Scout Tower
29:58 Scout Tower
30:08 Guard Tower
30:08 Guard Tower
30:08 Guard Tower
30:09 Guard Tower
30:09 Guard Tower
30:09 Guard Tower
30:09 Guard Tower
30:17 Scout Tower
30:17 Scout Tower
30:19 Scout Tower
30:20 Scout Tower
30:34 Guard Tower
30:34 Guard Tower
30:37 Guard Tower
30:37 Guard Tower
30:37 Guard Tower
30:49 Guard Tower
30:49 Guard Tower
30:50 Guard Tower
30:50 Guard Tower
31:27 Lumber Mill
31:52 Guard Tower
31:52 Guard Tower
32:34 Guard Tower
32:34 Guard Tower
32:35 Guard Tower
33:07 Keep
33:07 Keep
33:08 Keep
33:10 Scout Tower
33:29 Scout Tower
33:30 Scout Tower
33:41 Guard Tower
33:41 Guard Tower
33:42 Guard Tower
33:42 Guard Tower
33:53 Arcane Vault
34:01 Guard Tower
34:01 Guard Tower
34:02 Guard Tower
34:02 Guard Tower
34:02 Guard Tower
34:33 Scout Tower
34:33 Scout Tower
34:35 Scout Tower
34:38 Scout Tower
35:10 Guard Tower
35:11 Guard Tower
35:11 Guard Tower
35:48 Guard Tower
35:48 Guard Tower
» items
| Scroll of Regeneration | 9 | |
| Mechanical Critter | 8 | |
| Periapt of Vitality | 1 | |
| Staff of Teleportation | 1 | |
| Ivory Tower | 4 | |
| Tome of Retraining | 1 | |
| Potion of Invisibility | 2 | |
| Lesser Clarity Potion | 1 | |
| Scroll of Town Portal | 3 | |
| Staff of Sanctuary | 1 | |
| Potion of Healing | 3 | |
34 total

»
BigSlick-AK (
blue | 28 APM | 704 actions | 24:50)
4 Blademaster
2 Wind Walk
2 Critical Strike
3 Shadow Hunter
1 Hex
2 Healing Wave
2 Far Seer
1 Chain Lighting
1 Feral Spirit
1 Archmage
1 Brilliance Aura
» actions
| Assign group hotkey | 3 | |
| Basic commands | 26 | |
| Build / train | 60 | |
| Enter build submenu | 18 | |
| Enter hero's abilities submenu | 11 | |
| Give item / drop item | 2 | |
| Right click | 184 | |
| Select / deselect | 183 | |
| Select group hotkey | 167 | |
| Use ability | 50 | |
704 total
» units
| Peon | 11 | |
| Grunt | 5 | |
| Shaman | 2 | |
| Tauren | 4 | |
| Goblin Shredder | 1 | |
| Dragonhawk Rider | 6 | |
29 total
» upgrades
| Armor | 2 | |
| Melee Weapons | 2 | |
| Shaman Training | 2 | |
| Pulverize | 1 | |
| Cloud | 1 | |
8 total
» buildings
| Orc Burrow | 9 | |
| Altar of Storms | 1 | |
| Barracks | 1 | |
| Voodoo Lounge | 1 | |
| Stronghold | 1 | |
| War Mill | 1 | |
| Fortress | 1 | |
| Spirit Lodge | 1 | |
| Tauren Totem | 2 | |
| Great Hall | 1 | |
19 total
» build order
00:40 Orc Burrow
01:07 Altar of Storms
01:16 Barracks
02:00 Orc Burrow
03:38 Voodoo Lounge
03:55 Orc Burrow
04:57 Stronghold
06:48 War Mill
07:44 Fortress
07:46 Orc Burrow
08:16 Spirit Lodge
08:47 Orc Burrow
10:17 Tauren Totem
10:22 Tauren Totem
11:35 Orc Burrow
13:47 Orc Burrow
17:08 Great Hall
19:31 Orc Burrow
19:36 Orc Burrow
» items
| Healing Salve | 4 | |
| Lesser Clarity Potion | 2 | |
| Orb of Lightning | 1 | |
| Scroll of Town Portal | 1 | |
8 total
Scall19 (
yellow | 33 APM | 693 actions | 20:52)
3 Archmage
2 Summon Water Elemental
1 Brilliance Aura
1 Blood Mage
1 Flame Strike
» actions
| Assign group hotkey | 7 | |
| Basic commands | 12 | |
| Build / train | 50 | |
| Enter build submenu | 25 | |
| Enter hero's abilities submenu | 4 | |
| Right click | 290 | |
| Select / deselect | 187 | |
| Select group hotkey | 79 | |
| Use ability | 39 | |
693 total
» units
| Peasant | 16 | |
| Footman | 7 | |
| Knight | 10 | |
33 total
» upgrades
| Animal War Training | 1 | |
| Plating | 1 | |
| Swords | 1 | |
3 total
» buildings
| Altar of Kings | 1 | |
| Farm | 13 | |
| Barracks | 2 | |
| Lumber Mill | 1 | |
| Scout Tower | 3 | |
| Guard Tower | 3 | |
| Keep | 1 | |
| Arcane Vault | 1 | |
| Blacksmith | 2 | |
| Town Hall | 1 | |
| Castle | 1 | |
29 total
» build order
00:12 Altar of Kings
00:14 Farm
00:54 Farm
01:16 Barracks
01:33 Farm
01:40 Lumber Mill
02:11 Farm
02:19 Scout Tower
02:49 Farm
02:54 Scout Tower
02:56 Guard Tower
03:26 Scout Tower
03:36 Keep
03:38 Farm
04:01 Guard Tower
04:21 Arcane Vault
04:23 Guard Tower
05:15 Blacksmith
05:20 Blacksmith
06:06 Town Hall
06:17 Castle
06:25 Farm
07:08 Farm
07:13 Barracks
07:46 Farm
08:28 Farm
09:15 Farm
10:11 Farm
10:56 Farm
» items
| Scroll of Regeneration | 2 | |
| Scroll of Town Portal | 1 | |
3 total

»
OooBooOooBooOoo (
purple | 40 APM | 827 actions | 20:30)
3 Dark Ranger
1 Black Arrow
1 Life Drain
1 Silence
1 Archmage
1 Summon Water Elemental
1 Blood Mage
1 Flame Strike
» actions
| Assign group hotkey | 9 | |
| Basic commands | 19 | |
| Build / train | 87 | |
| ESC pressed | 1 | |
| Enter build submenu | 28 | |
| Enter hero's abilities submenu | 10 | |
| Give item / drop item | 3 | |
| Right click | 364 | |
| Select / deselect | 227 | |
| Select group hotkey | 23 | |
| Use ability | 56 | |
827 total
» units
| Peasant | 15 | |
| Rifleman | 5 | |
| Goblin Shredder | 2 | |
| Knight | 2 | |
| Gryphon Rider | 3 | |
| Goblin Sapper | 3 | |
30 total
» upgrades
» buildings
| Blacksmith | 1 | |
| Barracks | 1 | |
| Altar of Kings | 1 | |
| Farm | 14 | |
| Arcane Vault | 1 | |
| Lumber Mill | 1 | |
| Keep | 2 | |
| Town Hall | 1 | |
| Scout Tower | 3 | |
| Guard Tower | 10 | |
| Castle | 2 | |
| Arcane Tower | 2 | |
| Workshop | 1 | |
| Gryphon Aviary | 2 | |
42 total
» build order
01:12 Blacksmith
01:16 Barracks
01:20 Altar of Kings
01:24 Farm
01:29 Farm
02:24 Farm
02:45 Arcane Vault
03:09 Farm
03:55 Farm
04:29 Lumber Mill
04:51 Keep
04:51 Keep
05:41 Town Hall
06:00 Scout Tower
06:08 Scout Tower
06:23 Farm
07:15 Guard Tower
07:18 Scout Tower
08:23 Guard Tower
08:23 Guard Tower
08:40 Castle
08:41 Castle
09:43 Guard Tower
09:43 Guard Tower
09:44 Guard Tower
09:45 Guard Tower
10:01 Arcane Tower
10:01 Arcane Tower
11:07 Farm
11:08 Farm
11:31 Workshop
12:42 Farm
14:42 Gryphon Aviary
14:49 Guard Tower
14:50 Guard Tower
14:59 Guard Tower
16:13 Gryphon Aviary
17:21 Farm
19:52 Farm
19:53 Farm
19:57 Farm
19:59 Farm
» items
| Scroll of Regeneration | 10 | |
| Scroll of Town Portal | 1 | |
| Ivory Tower | 12 | |
| Potion of Healing | 4 | |
| Orb of Fire | 2 | |
| Staff of Sanctuary | 1 | |
30 total
Chat log
(00:14 / Allies) GlassPopcorn: hi
(03:56 / Allies) GlassPopcorn: any wood
(07:59 / Allies) GlassPopcorn: any wood
(09:44 / All) ROTIARTEHTMAI: puirple is mher btw
(11:45 / Allies) GlassPopcorn: theyre all towered
(12:57 / Allies) GlassPopcorn: pink stfu
(12:59 / Allies) Lord_Pappsmear: chill
(13:01 / Allies) GlassPopcorn: holy shit
(13:13 / Allies) ROTIARTEHTMAI: why are you hitting the heavily towered main
(13:18 / Allies) ROTIARTEHTMAI: instead of the expo that people won't tp to?
(13:20 / Allies) GlassPopcorn: purp has no towers
(13:28 / Allies) GlassPopcorn: dude ar you blind
(13:31 / Allies) GlassPopcorn: the epxos has towers
(13:33 / All) TurpinHero: Red having his period raging at me for no reason
(13:34 / Allies) GlassPopcorn: purps main doesnt
(13:35 / Allies) ROTIARTEHTMAI: why are you hitting green?
(13:37 / All) TurpinHero: purp
(13:40 / All) TurpinHero: **
(14:16 / Allies) GlassPopcorn: does pink have units
(14:22 / Allies) ROTIARTEHTMAI: lol
(14:25 / Allies) ROTIARTEHTMAI: you guys are fucking retards
(14:46 / Allies) Lord_Pappsmear: went where u pinged
(14:54 / Allies) ROTIARTEHTMAI: no you did not cock sucker
(14:59 / Allies) ROTIARTEHTMAI: I ping
(14:59 / Allies) GlassPopcorn: pink did nothing all game
(15:11 / Allies) ROTIARTEHTMAI: I did not ping where you hit
(16:10 / Allies) ROTIARTEHTMAI: so much easier
(16:18 / Allies) GlassPopcorn: then you hit
(16:20 / Allies) GlassPopcorn: ive hit twice
(16:23 / Allies) GlassPopcorn: youve odne nothing
(16:32 / Allies) ROTIARTEHTMAI: all you did was feed them, buttercup
(17:21 / Allies) ROTIARTEHTMAI: easy base
(17:39 / Allies) ROTIARTEHTMAI: lumber
(18:01 / Allies) GlassPopcorn: teal go
(20:35 / All) Lord_Pappsmear: gg scrubs
(20:45 / All) Scall19: yeah green and purp are absolutely retarded
(20:45 / Allies) GlassPopcorn: gj
(23:01 / Allies) GlassPopcorn: woood
(23:12 / Allies) GlassPopcorn: ill mass tp if someone wants to hit
(23:22 / Allies) Lord_Pappsmear: heading to green
(24:37 / Allies) GlassPopcorn: go
(25:56 / Allies) GlassPopcorn: nerd
(26:54 / Allies) Lord_Pappsmear: dude wtf
(26:55 / Allies) GlassPopcorn: pink nerd raging
(27:09 / Allies) Lord_Pappsmear: we r winning
(27:14 / Allies) Lord_Pappsmear: why
(27:21 / Allies) GlassPopcorn: pink has autism clearly
(27:33 / Allies) ROTIARTEHTMAI: that's why you tk me?
(28:01 / Allies) Lord_Pappsmear: please can we just finish this game
(33:17 / Allies) Lord_Pappsmear: pink wtf man
(33:40 / Allies) ROTIARTEHTMAI: I'm allergic to wins
(34:06 / Allies) Lord_Pappsmear: i defended u and you're trolling me
(34:10 / Allies) Lord_Pappsmear: really bro
(34:16 / Allies) ROTIARTEHTMAI: you let my hall die, traitor
(34:27 / Allies) Lord_Pappsmear: you have 6 halls
(35:21 / All) Lord_Pappsmear: pink is "allergic to wins"
(35:31 / All) Lord_Pappsmear: fed our army to those towers
(35:32 / All) TurpinHero: quotation marks?
(35:38 / All) Lord_Pappsmear: you two are lucky
(35:42 / All) TurpinHero: he's "allergic"?
(35:45 / All) TurpinHero: why are we lucky?
(35:52 / All) Lord_Pappsmear: pink is just a troll
(35:53 / All) TurpinHero: because I 1v4 noob trash? was all skill
(36:07 / All) TurpinHero: I raped you fair and square
(36:15 / All) Lord_Pappsmear: green youre a retard
(36:24 / All) Lord_Pappsmear: literally
(36:39 / All) TurpinHero: I beat you teal
(36:41 / All) TurpinHero: Get over it
(36:44 / All) Lord_Pappsmear: rot in hell pink, i hope you get aids
(36:47 / All) TurpinHero: I'm a winner
(36:49 / All) TurpinHero: You're a LOSER!
(37:04 / All) ROTIARTEHTMAI: lol
(37:12 / All) ROTIARTEHTMAI: who should lose
(37:19 / All) TurpinHero: purp for sure maphack?
(37:29 / All) ROTIARTEHTMAI: not sure
(37:31 / All) TurpinHero: he's 337-355
(37:36 / All) TurpinHero: Yellow 50-72
(37:39 / All) ROTIARTEHTMAI: I thought so at first but maybe not, or he pretended not to after I accused
(37:44 / All) TurpinHero: 1165-1217 blue
(37:50 / All) TurpinHero: stats your team
(37:54 / All) ROTIARTEHTMAI: I'll let my team lose
(37:59 / All) ROTIARTEHTMAI: because they were quite rude!